AoeStats
← JasminePronk

Nomad

508979045Analyzed
2v2 RM · 8d ago on Sep 24, 2026· 63m 33s· 4 players
Game mode
Random Map
Map size
176×176
Population
200
Speed
Normal
Resources
Standard
Victory
Conquest
Starting age
Dark Age
Ending age
Imperial Age
RankedLock teamsTeams togetherTeam positionsShared explorationLock speedFull tech treeHidden civsTurbo modeCheats
Victory
Defeat
🇦🇷 Persians · Argentina
1276
+12
🇦🇷 Ethiopians · Argentina
1203
+14
🇺🇸 Goths · United States
1295
-17
🇺🇸 Franks · United States
1052
-9
UxorialBadger60
4:43 Loom
13:37 Feudal Age
21:20 Castle Age
19:58 Gold Mining
23:59 Fletching
27:51 Scale Mail Armor
30:33 Chain Mail Armor
34:15 Horse Collar
35:14 Forging
37:54 Heavy Plow
38:31 Double-Bit Axe
40:02 Pikeman
42:11 Squires
42:48 Iron Casting
49:08 Anarchy
54:42 Imperial Age
55:13 Wheelbarrow
56:58 Blast Furnace
56:52 Hand Cart
57:12 Conscription
56:47 Halberdier
62:24 Bow Saw
JasminePronk
6:33 Loom
16:12 Feudal Age
21:02 Castle Age
Gonza005
6:17 Loom
12:35 Feudal Age
14:16 Double-Bit Axe
19:07 Castle Age
17:06 Stone Mining
18:12 Gold Mining
19:14 Fletching
19:20 Town Watch
20:15 Bow Saw
20:28 Medium Warships
23:37 Fishing Lines
26:31 Husbandry
28:02 Forging
28:49 Gillnets
30:42 Bloodlines
33:13 Scale Barding Armor
35:10 Wheelbarrow
39:22 Imperial Age
40:42 Chemistry
40:35 Chain Barding Armor
39:49 Cavalier
41:02 Conscription
42:30 Town Patrol
45:40 Plate Barding Armor
45:52 Savar
46:45 Horse Collar
47:50 Bodkin Arrow
47:55 Padded Archer Armor
48:59 Heavy Plow
50:06 Iron Casting
49:55 Kamandaran
50:18 Ballistics
50:37 Leather Archer Armor
50:14 Crossbowman
50:59 Thumb Ring
51:29 Light Cavalry
53:41 Ring Archer Armor
55:32 Blast Furnace
57:53 Crop Rotation
57:14 Capped Ram
59:17 Citadels
64:33 Gold Shaft Mining
64:34 Stone Shaft Mining
Keke07
4:45 Loom
14:50 Feudal Age
19:28 Double-Bit Axe
27:12 Castle Age
26:21 Fletching
28:23 Forging
27:36 Man-at-Arms
29:54 Scale Barding Armor
29:13 Crossbowman
30:58 Iron Casting
35:40 Fishing Lines
36:17 Gillnets
36:41 Scale Mail Armor
40:08 Wheelbarrow
39:20 Double-Bit Axe
39:18 Horse Collar
39:33 Gold Mining
50:43 Stone Mining
53:23 Gold Shaft Mining
54:15 Hand Cart
58:14 Imperial Age
55:47 Long Swordsman
56:52 Bow Saw
58:23 Chain Mail Armor
60:00 Blast Furnace
58:27 Two-Handed Swordsman
61:43 Plate Mail Armor
62:53 Chemistry
63:25 Conscription
Connection lost

Rejoining the realm…

Still unreachable

The connection could not be restored.

Session expired

The server has moved on; the page needs a fresh start.